cohdb
Replays
Latest Replays
All Replays
Popular Replays
Top Player Replays
Match Explorer
How It Works
Community
CoH3 Stats
Reddit
Sign in to upload your games and track your stats! →
Sign in with Steam
Match 45095909
Unlisted
Match 45095909
Overview
Messages
Build Orders
End
Scout Squad
Construct Barracks
Riflemen Squad
Riflemen Squad
Grenade Package
Riflemen Squad
Construct Medical Station
Air Support Center
Selects Airborne Battlegroup
Selects Heavy Machine Gun Paradrop
Heavy Machine Gun Paradrop
P-47 Strafing Run
Heavy Machine Gun Paradrop
Selects Paratrooper Squad Paradrop
P-47 Strafing Run
M1918 Browning Automatic Rifles
Selects Recon Loiter
Double Sortie
Pixel
Shefield
Arnie
VvvV
XperiaLife
XandersXIV
Lord Curzon
mayomeyo
0
0
Comments
sign in to comment!
No comments posted yet!